 Dungeon Crawl Stone Soup version 0.30.1 (webtiles) character file.

Game seed: 14752741831957339317

26707 Babbit the Severer (level 13, 0/105 HPs)
             Began as a Minotaur Fighter on July 10, 2023.
             Was a High Priest of Okawaru.
             Killed from afar by a lindwurm (36 damage)
             ... with a blast of flame
             ... summoned by Kirke
             ... while paralysed by a sphinx
             ... on level 4 of the Lair of Beasts.
             The game lasted 02:14:54 (10951 turns).

Babbit the Severer (Minotaur Fighter)              Turns: 10951, Time: 02:14:54

Health: 0/105      AC: 22    Str: 31    XL:     13   Next: 0%
Magic:  16/16      EV:  2    Int:  4    God:    Okawaru [*****.]
Gold:   225        SH:  0    Dex: 11    Spells: 12/12 levels left

rFire   . . .        J - +9 broad axe of Impatience {freeze, rC+ rN+}
rCold   + + .        s - +0 tower shield
rNeg    + + .        E - +2 plate armour {rC+}
rPois   +            d - +2 hat
rElec   .            l - +1 cloak {Stlth+}
rCorr   .            m - +2 pair of gloves
SInv    .            A - +1 pair of boots of Noon {Int+2}
Will    .....        (no amulet) Stlth
                     e - ring of poison resistance
HPRegen 0.37/turn    t - ring of Dyoteb {rN+ Str+6 Int-3 Stlth+}
MPRegen 0.15/turn

%: no passive effects
@: paralysed, on berserk cooldown, slowed
A: horns 2, retaliatory headbutt, deformed body, frail 1
a: Renounce Religion, Heroism, Finesse, Duel


You were on level 4 of the Lair of Beasts.
You worshipped Okawaru.
Okawaru was extremely pleased with you.
You visited 3 branches of the dungeon, and saw 13 of its levels.

You collected 665 gold pieces.
You spent 440 gold pieces at shops.

Inventory:

Hand Weapons
 a - a +0 war axe
 u - a +2 hand axe of flaming
 J - the +9 broad axe of Impatience (weapon) {freeze, rC+ rN+}
   (Okawaru gifted it to you on level 2 of the Lair of Beasts)

   rC:        It protects you from cold.
   rN:        It protects you from negative energy.
Missiles
 g - 2 throwing nets (quivered)
 k - a poisoned dart
 I - an atropa-tipped dart
Armour
 d - a +2 hat (worn)
 l - a +1 cloak of stealth (worn)
 m - a +2 pair of gloves (worn)
 s - a +0 tower shield (worn)
 A - the +1 pair of boots of Noon (worn) {Int+2}
   (You found it on level 7 of the Dungeon)

   Int:       It affects your intelligence (+2).
 E - a +2 plate armour of cold resistance (worn)
Jewellery
 e - a ring of poison resistance (left hand)
 q - a ring of fire
 t - the ring of Dyoteb (right hand) {rN+ Str+6 Int-3 Stlth+}
   (You found it on level 8 of the Dungeon)

   [ring of positive energy]

   Str:       It affects your strength (+6).
   Int:       It affects your intelligence (-3).
   rN:        It protects you from negative energy.
   Stlth:     It makes you more stealthy.
 v - a ring of ice
Wands
 x - a wand of iceblast (5)
 B - a wand of mindburst (8)
 D - a wand of polymorph (21)
Scrolls
 j - a scroll of teleportation
 o - 5 scrolls of poison
 w - 2 scrolls of fog
Potions
 b - 2 potions of attraction
 f - a potion of mutation
 h - 3 potions of brilliance
 i - 3 potions of lignification
 n - a potion of heal wounds {unknown}
 H - a potion of ambrosia
Miscellaneous
 F - a lightning rod (4/4)


   Skills:
 + Level 11.7 Fighting
 * Level 15.5 Axes
 - Level 5.0 Throwing
 + Level 11.7 Armour
 + Level 11.7 Shields
 * Level 6.3 Invocations


You had 12 spell levels left.
You didn't know any spells.
Your spell library contained the following spells:

 Spells                   Type           Power      Damage    Failure   Level
 Sandblast                Erth           0%         2d4       100%        1
 Passwall                 Tmut/Erth      0%         N/A       100%        2
 Ozocubu's Armour         Ice            0%         N/A       100%        3
 Stone Arrow              Conj/Erth      0%         3d7       100%        3
 Metabolic Englaciation   Hex/Ice        0%         N/A       100%        5
 Ozocubu's Refrigeration  Ice            0%         4d7       100%        7
 Simulacrum               Ice/Necr       Unusable   N/A       N/A         6
 Malign Gateway           Summ/Tloc      Unusable   N/A       N/A         7
 Summon Horrible Things   Summ           Unusable   N/A       N/A         8

Dungeon Overview and Level Annotations

Branches:
Dungeon (8/15)             Temple (1/1) D:7            Lair (4/5) D:8
 Shoals (0/4) Lair:2        Snake (0/4) Lair:2
  Slime: Lair:4-5

Altars:
Cheibriados
Dithmenos
Elyvilon
Fedhas
Gozag
Hepliaklqana
Kikubaaqudgha
Makhleb
Nemelex Xobeh
Okawaru
Qazlal
Trog
Uskayaw
Vehumet
Wu Jian
Xom
Yredelemnul
Zin

Shops:
D:1 (   D:5 :   D:7 [

Annotations:
Lair:4 Kirke


Innate Abilities, Weirdness & Mutations

You have a pair of horns on your head.
You reflexively headbutt those who attack you in melee.
Armour fits poorly on your strangely shaped body.
You are frail. (-10% HP)


Message History

The sphinx is heavily wounded.
You slash something! You freeze something.
Something hits you but does no damage.
The sphinx mumbles some strange words.
You struggle to resist.
Something hits you.
You slice something!! You freeze something. You slash the sphinx!
You freeze the sphinx. The sphinx hits you but does no damage.
The sphinx completely misses you. The sphinx hits you but does no damage.
Something hits you but does no damage.
The sphinx mumbles some strange words.
You are more confused.
You closely miss the sphinx. You headbutt the sphinx!
The sphinx is severely wounded.
You slash something! You freeze something. Something hits you!
The sphinx hits you but does no damage. x3; Something hits you.
The sphinx hits you!
The sphinx hits you but does no damage. x2
A red film seems to cover your vision as you go berserk!
You feel yourself moving faster!
You feel mighty!
The sphinx casts a spell.
Something smites you!
You hear some strange, mumbled words.
You feel as though you will be slow longer.
The sphinx attacks as you move away! The sphinx barely misses you. x2
The sphinx hits you but does no damage.
You feel a strong urge to attack something.
Something hits you!
You hear some strange, mumbled words.
Something summons a lindwurm!
The sphinx hits you. The sphinx hits you!
The sphinx hits you but does no damage.
You feel your anger nearly subside.
You are no longer berserk.
You are exhausted.
You feel as though you will be slow longer.
The lindwurm attacks as you move away! The lindwurm bites you.
The lindwurm claws you but does no damage. x2
You feel less confused.
The sphinx mumbles some strange words.
You suddenly lose the ability to move!
The lindwurm breathes flames at you. The blast of flame hits you!!!
You die...

.# .. #....##............# .##
... ....##......###..## ..####
...####..........####.## ...#P#
.................P#.#.## ......
........................ ......
........................ ......
................†........
.................H...............
................@..k......#P.#.#.
.........^...#.........?.##....##
.............##.####.....# #.#.#
...#..# ..........#......# #...P.
#.....###................# #.....
#.................##.....###....
†.......#....##...##......# ..)#
†............P#...##.....## #..##
.#..P##.#................####.#.#


You could see a sphinx (summoned) and a lindwurm (summoned, catching breath).

Vanquished Creatures
  Josephine (Lair:4)
  3 hydras
  A two-headed ogre (D:8)
  4 death yaks (Lair:2)
  Nergalle (Lair:2)
  A skyshark (Lair:3)
  Pikel (D:5)
  2 black mambas (Lair:2)
  7 elephants
  A gargoyle (D:7)
  8 cane toads
  3 rime drakes
  2 komodo dragons
  The ghost of erynZofia the Skirmisher, a novice SpHu of Okawaru (D:4)
  3 polar bears
  7 blink frogs (Lair:4)
  A hornet (D:8)
  A shadow (D:7)
  12 yaks
  4 fire bats (D:8)
  4 hogs (Lair:4)
  8 wyverns
  4 wraiths (Lair:4)
  2 basilisks
  A steam dragon (D:8)
  3 nagas (Lair:2)
  A hell hound (D:8)
  6 water moccasins
  2 orc warriors (D:8)
  3 sky beasts
  2 ice beasts
  15 wolves
  The ghost of booth the Digger, an amateur DrEE (D:3)
  A lemure (D:5)
  A phantom (D:5)
  2 centaurs
  A kobold brigand (D:5)
  7 bullfrogs
  2 scorpions
  A gnoll sergeant (D:7)
  4 wights (D:6)
  A water moccasin skeleton (D:4)
  7 killer bees (D:8)
  An electric eel (Lair:1)
  A howler monkey (D:8)
  2 lava snakes (D:8)
  A centaur zombie (D:4)
  3 jellies (D:6)
  An orc priest (D:8)
  Crazy Yiuf (D:2)
  A bullfrog skeleton (D:4)
  3 hounds
  A gnoll bouda (D:5)
  2 sleepcaps (D:5)
  6 iguanas
  Natasha (D:2)
  Terence (D:2)
  An orc wizard (D:8)
  A mummy (D:8)
  13 gnolls
  10 river rats (D:5)
  11 adders
  A shadow imp (D:6)
  4 white imps
  An ufetubus (D:6)
  4 dart slugs
  18 orcs
  5 ball pythons
  A bat (D:2)
  6 endoplasms
  5 giant cockroaches
  6 goblins
  4 hobgoblins
  6 jackals
  9 kobolds
  11 quokkas
  A frilled lizard (D:2)
  24 rats
  A fire vortex (D:8)
311 creatures vanquished.

Vanquished Creatures (others)
  2 fire vortices (D:8)
2 creatures vanquished.

Grand Total: 313 creatures vanquished

Notes
Turn   | Place    | Note
-------+----------+-------------------------------------------
     0 | D:1      | Babbit the Minotaur Fighter began the quest for the Orb.
     0 | D:1      | Reached XP level 1. HP: 19/19 MP: 0/0
    69 | D:1      | Found Juruffeqagi's Weapon Boutique.
   176 | D:1      | Reached XP level 2. HP: 27/27 MP: 1/1
   487 | D:1      | Reached skill level 3 in Axes
   547 | D:1      | Found a faded altar of an unknown god.
   697 | D:2      | Reached XP level 3. HP: 15/33 MP: 2/2
   793 | D:2      | Noticed Terence
   800 | D:2      | Killed Terence
   801 | D:2      | Reached XP level 4. HP: 40/40 MP: 3/3
   973 | D:2      | Reached skill level 4 in Axes
  1152 | D:2      | Found a runed translucent door.
  1153 | D:2      | Noticed Crazy Yiuf
  1164 | D:2      | Killed Crazy Yiuf
  1317 | D:2      | Noticed Natasha
  1328 | D:2      | Killed Natasha
  1329 | D:2      | Reached XP level 5. HP: 42/47 MP: 4/4
  1682 | D:3      | Noticed booth's ghost (amateur DrEE)
  1682 | D:3      | Found a runed translucent door.
  1712 | D:3      | Killed booth's ghost
  1713 | D:3      | Reached skill level 5 in Axes
  2055 | D:3      | Reached XP level 6. HP: 55/55 MP: 5/5
  2164 | D:3      | Found a burning altar of Makhleb.
  2495 | D:4      | Found a basalt altar of Yredelemnul.
  2527 | D:4      | Reached skill level 5 in Fighting
  2527 | D:4      | Reached skill level 5 in Shields
  2559 | D:4      | Reached skill level 5 in Armour
  2710 | D:4      | Found a snail-covered altar of Cheibriados.
  2844 | D:4      | Found a runed translucent gate.
  2844 | D:4      | Found a runed translucent gate.
  2844 | D:4      | Found a runed translucent gate.
  2844 | D:4      | Noticed erynZofia's ghost (novice SpHu)
  2884 | D:4      | Killed erynZofia's ghost
  2885 | D:4      | Reached skill level 6 in Axes
  2885 | D:4      | Reached XP level 7. HP: 52/61 MP: 6/6
  2975 | D:5      | Entered Level 5 of the Dungeon
  3019 | D:5      | Found a white marble altar of Elyvilon.
  3081 | D:5      | Reached skill level 7 in Axes
  3154 | D:5      | Found Mongoq's Tiny Tomes.
  3251 | D:5      | Reached XP level 8. HP: 63/70 MP: 7/7
  3456 | D:5      | Found a hazy altar of Hepliaklqana.
  3600 | D:5      | Noticed Pikel
  3606 | D:5      | Killed Pikel
  3607 | D:5      | Reached skill level 8 in Axes
  3749 | D:5      | Reached skill level 9 in Axes
  3898 | D:6      | Reached XP level 9. HP: 39/79 MP: 8/8
  4452 | D:7      | Identified the +1 pair of boots of Noon {Int+2}
  4489 | D:7      | Found a staircase to the Ecumenical Temple.
  4500 | Temple   | Entered the Ecumenical Temple
  4525 | Temple   | Became a worshipper of Warmaster Okawaru
  4663 | D:7      | Reached skill level 10 in Axes
  4689 | D:7      | Reached skill level 1 in Throwing
  4764 | D:7      | Noticed a gargoyle
  4783 | D:7      | Killed a gargoyle
  4784 | D:7      | Reached skill level 1 in Invocations
  4797 | D:7      | Reached * piety under Okawaru
  4990 | D:7      | Found Uhaz's Armour Emporium.
  5141 | D:8      | Found a staircase to the Lair.
  5222 | D:8      | Found a stormy altar of Qazlal.
  5485 | D:7      | Bought a +2 plate armour of cold resistance for 440 gold
                  | pieces
  5571 | D:8      | Noticed a two-headed ogre
  5583 | D:8      | Killed a two-headed ogre
  5583 | D:8      | Reached ** piety under Okawaru
  5584 | D:8      | Reached XP level 10. HP: 71/88 MP: 11/11
  5609 | D:8      | Paralysed by a hornet for 3 turns
  5767 | D:8      | Reached skill level 11 in Axes
  6067 | D:8      | Reached *** piety under Okawaru
  6078 | D:8      | Identified the ring of Dyoteb {rN+ Str+6 Int-3 Stlth+}
  6139 | D:8      | Found a hide-covered altar of Uskayaw.
  6372 | Lair:1   | Entered Level 1 of the Lair of Beasts
  6477 | Lair:1   | Received a gift from Okawaru
  6595 | Lair:1   | Noticed a cane toad
  6603 | Lair:1   | Killed a cane toad
  6604 | Lair:1   | Reached skill level 5 in Throwing
  6647 | Lair:1   | Reached skill level 5 in Invocations
  6777 | Lair:1   | Noticed a cane toad
  6787 | Lair:1   | Killed a cane toad
  6788 | Lair:1   | Reached XP level 11. HP: 60/97 MP: 13/13
  7141 | Lair:1   | Reached **** piety under Okawaru
  7142 | Lair:1   | Reached skill level 12 in Axes
  7665 | Lair:2   | Noticed a six-headed hydra
  7672 | Lair:2   | Killed a four-headed hydra
  7676 | Lair:2   | Found a staircase to the Shoals.
  7914 | Lair:2   | Reached ***** piety under Okawaru
  8120 | Lair:2   | Received a gift from Okawaru
  8121 | Lair:2   | Reached skill level 13 in Axes
  8139 | Lair:2   | Reached skill level 10 in Fighting
  8145 | Lair:2   | Reached skill level 10 in Armour
  8145 | Lair:2   | Reached skill level 10 in Shields
  8189 | Lair:2   | Found a staircase to the Snake Pit.
  8231 | Lair:2   | Noticed a death yak
  8231 | Lair:2   | Noticed a death yak
  8232 | Lair:2   | Noticed a death yak
  8233 | Lair:2   | Noticed a death yak
  8253 | Lair:2   | Killed a death yak
  8269 | Lair:2   | Killed a death yak
  8273 | Lair:2   | Killed a death yak
  8273 | Lair:2   | Identified the +9 broad axe of Impatience {freeze, rC+ rN+}
                  | (Okawaru gifted it to you on level 2 of the Lair of Beasts)
  8273 | Lair:2   | Received a gift from Okawaru
  8622 | Lair:2   | Noticed a seven-headed hydra
  8642 | Lair:2   | Reached XP level 12. HP: 91/107 MP: 14/14
  8647 | Lair:2   | Killed a four-headed hydra
  8648 | Lair:2   | Reached skill level 14 in Axes
  8846 | Lair:2   | Killed a death yak
  9078 | Lair:2   | Noticed Nergalle
  9172 | Lair:2   | Killed Nergalle
  9538 | Lair:3   | Identified the +2 leather armour "Hegurch" {Str+2 Int+6}
 10295 | Lair:4   | Received a gift from Okawaru
 10334 | Lair:4   | Reached skill level 15 in Axes
 10425 | Lair:4   | Noticed a five-headed hydra
 10433 | Lair:4   | Killed an eight-headed hydra
 10433 | Lair:4   | Received a gift from Okawaru
 10468 | Lair:4   | Noticed Kirke
 10487 | Lair:4   | Gained mutation: You are frail. (-10% HP) [potion of
                  | mutation]
 10487 | Lair:4   | Gained mutation: Armour fits poorly on your strangely
                  | shaped body. [potion of mutation]
 10861 | Lair:4   | Noticed Josephine
 10873 | Lair:4   | Killed Josephine
 10938 | Lair:4   | Noticed a sphinx
 10941 | Lair:4   | Reached XP level 13. HP: 89/105 MP: 16/16
 10951 | Lair:4   | Paralysed by a sphinx for 2 turns
 10951 | Lair:4   | Killed from afar by a lindwurm

Illustrated notes

Levels and vault maps discovered:
D:1:      lightli_arrival_statuegarden, layout_rooms, serial_shops, shop,
          hellmonk_ecumenical_altar_inner_sanctum
D:2:      layout_basic, uniq_terence, uniq_natasha, uniq_crazy_yiuf_cottage
D:3:      layout_rooms, mainiacjoe_overflow_brackets,
          hellmonk_ghost_happy_afterlife, grunt_ministairs_12,
          amcnicky_mini_pool_small
D:4:      layout_loops_ring, mainiacjoe_overflow_paths, kennysheep_slug_shrine,
          gammafunk_ghost_necromancy
D:5:      lemuel_ratsnest, layout_cave_pools, elyvilon_altar_1,
          marbit_many_paths, nicolae_shop_i_like_small_books_too,
          minmay_misc_feat_iff, uniq_pikel
D:6:      layout_loops_cross
D:7:      layout_gridville, minmay_temple_entry_trees, nicolae_take_the_stairs
D:8:      minmay_octagon_keep, layout_rooms, mainiacjoe_overflow_tiny_flanked,
          nicolae_qazlal_scattered_showers, lair_entry_dummy,
          gup_ossuary_entry_pyramid, hangedman_incinerator
Temple:   nicolae_temple_ecumenical_triangle
Lair:1:   layout_cave_pods, serial_bayou_shore_a
Lair:2:   layout_regular_city, shoals_dummy_entry, nicolae_snake_entry_squirm,
          grunt_megastairs_2, uniq_nergalle
Lair:3:   layout_roguey
Lair:4:   layout_regular_city, tgw_fedhas, grunt_megastairs_3,
          infiniplex_staircase_pool, uniq_josephine, uniq_kirke

Skill      XL: |  1  2  3  4  5  6  7  8  9 10 11 12 |
---------------+-------------------------------------+-----
Axes           | 3 4 5 6 7 9 10 11 13 15 | 15.5
Fighting       | 4 5 6 7 8 9 10 11 | 11.7
Armour         | 4 5 6 7 8 9 10 11 | 11.7
Shields        | 4 5 6 7 8 9 10 11 | 11.7
Throwing       | 3 5 |  5.0
Invocations    | 3 5 6 |  6.3

Action                     |  1- 3 |  4- 6 |  7- 9 | 10-12 | 13-15 || total
---------------------------+-------+-------+-------+-------+-------++-------
  Melee: War axe           |    42 |   123 |       |       |       ||   165
         Headbutt          |     4 |    15 |    62 |   129 |     1 ||   211
         Hand axe          |       |    27 |   330 |   350 |       ||   707
         Broad axe         |       |       |       |   137 |     4 ||   141
         Unarmed           |       |       |       |     4 |       ||     4
  Throw: Dart              |     5 |    12 |    20 |    70 |       ||   107
         Throwing net      |       |       |       |     7 |       ||     7
         Boomerang         |       |       |       |    32 |     1 ||    33
  Evoke: Wand              |       |       |       |    39 |       ||    39
    Use: Scroll            |       |     6 |     3 |    12 |       ||    21
         Potion            |       |     1 |     1 |    11 |     1 ||    14
 Armour: Scale mail        |    16 |    58 |    49 |       |       ||   123
         Plate armour      |       |       |    76 |   203 |    15 ||   294
  Dodge: Dodged            |    16 |    36 |    50 |    75 |     3 ||   180
  Block: Buckler           |    13 |    14 |       |       |       ||    27
         Tower shield      |       |    76 |   218 |   317 |     1 ||   612
